 Dungeon Crawl Stone Soup version 0.31-a0-175-g9f7f995f2b (webtiles) character file.

Game seed: 2863392591459487632

62 qw the Shooter (level 4, 0/39 HPs)
             Began as a Naga Hunter on June 16, 2023.
             Slain by a gnoll
             ... wielding a +0 spear
              (7 damage)
             ... on level 3 of the Dungeon.
             The game lasted 00:00:29 (1365 turns).

qw the Shooter (Naga Hunter)                        Turns: 1365, Time: 00:00:30

Health: 0/39       AC:  4    Str: 12 (14) XL:     4   Next: 8%
Magic:  4/4        EV:  9    Int:  7 (9)  God:
Gold:   109        SH:  0    Dex: 15 (16) Spells: 3/3 levels left

rFire   . . .        Y - +0 shortbow
rCold   + . .        (shield currently unavailable)
rNeg    . . .        c - +0 leather armour
rPois   +            (no helmet)
rElec   .            d - +0 cloak
rCorr   .            i - +0 pair of gloves
SInv    +            (no barding)
Will    .....        (no amulet)
Stlth   ++           h - ring of protection from cold
HPRegen 0.26/turn    (no ring)
MPRegen 0.09/turn

%: no passive effects
@: short of breath, very slow
A: AC +1, large, see invisible, deformed body, poison resistance, slowness 2,
spit poison 1, naga tail 1
a: Spit Poison


You were on level 3 of the Dungeon.
You visited 1 branch of the dungeon, and saw 3 of its levels.

You collected 109 gold pieces.


Innate Abilities, Weirdness & Mutations

Your serpentine skin is tough. (AC +1)
You have supernaturally acute eyesight. (SInv)
Armour fits poorly on your strangely shaped body.
Your system is resistant to poisons. (rPois)
You cover ground very slowly.
You can spit poison.
You have a snake-like lower body.


   Skills:
 + Level 2.0 Fighting
 - Level 5.0 Ranged Weapons
 - Level 1.5 Dodging
 - Level 1.5 Stealth


You had 3 spell levels left.
You didn't know any spells.
Your spell library was empty.

Inventory:

Hand Weapons
 Y - a +0 shortbow (weapon)
Armour
 c - a +0 leather armour (worn)
 d - a +0 cloak (worn)
 i - a +0 pair of gloves (worn)
Jewellery
 h - a ring of protection from cold (left hand)
Potions
 a - a potion of ambrosia {unknown}
 b - a potion of haste {unknown}
 f - a potion of might {unknown}

Dungeon Overview and Level Annotations

Branches:
Dungeon (3/15)

Altars:


Message History

The hobgoblin hits you.
1359 ||| INVOKING Spit Poison.
Aiming: Spit Poison (2% risk of failure)
Press: ? - help, Shift-Dir - straight line, f/p - hobgoblin The splash of poison hits the hobgoblin.
You kill the hobgoblin!
A gnoll comes into view. It is wielding a +0 spear.
You shoot an arrow. The arrow closely misses the gnoll.
The arrow hits the gnoll.
The gnoll is lightly wounded.
The gnoll looks more healthy.
The hobgoblin hits you. The gnoll barely misses you.
The gnoll hits you with a +0 club. The hobgoblin hits you.
The gnoll barely misses you.
The gnoll hits you from afar with a +0 spear.
You shoot an arrow. The arrow hits the gnoll.
You kill the gnoll!
You have got your breath back.
The hobgoblin hits you.
The gnoll hits you from afar with a +0 spear.
Your Ranged Weapons skill increases to level 5!
You have reached level 4!
You feel stronger.
1362 ||| INVOKING Spit Poison.
Aiming: Spit Poison (1% risk of failure)
Press: ? - help, Shift-Dir - straight line, f - hobgoblin The splash of poison hits the hobgoblin.
The hobgoblin is poisoned.
The hobgoblin is severely wounded.
You kill the hobgoblin!
The gnoll completely misses you.
You shoot an arrow. The arrow barely misses the gnoll.
The arrow hits the gnoll but does no damage.
The gnoll is lightly wounded.
The gnoll hits you from afar with a +0 spear.
You shoot an arrow.
The arrow hits the gnoll but does no damage.
The gnoll hits you but does no damage. The gnoll hits you with a +0 club.
You shoot an arrow. The arrow hits the gnoll!
The gnoll is heavily wounded.
The gnoll hits you from afar with a +0 spear!
You die...

#..#. .... ...# #
...# . #### ...##.#
~~~###### .g$....
#####...#########)..#
#..............)@g..+
###.#...#########...#
....%....%..#### ...#
###.#..........# ####
# #.#...######)# #
#.#...# #.# # #.#####
#.# # #.# #.# #
#.##########.#


You could see 2 gnolls.

Vanquished Creatures
  A gnoll (D:3)
  An adder (D:3)
  2 bats
  4 endoplasms (D:1)
  3 giant cockroaches
  7 goblins
  8 hobgoblins
  2 quokkas
  A ball python (D:1)
  3 frilled lizards
  A kobold (D:1)
  5 rats
38 creatures vanquished.

Notes
Turn   | Place    | Note
-------+----------+-------------------------------------------
     0 | D:1      | qw the Naga Hunter began the quest for the Orb.
     0 | D:1      | Reached XP level 1. HP: 19/19 MP: 1/1
     0 | D:1      | 0 ||| qw: Version: 0.2-a-29-g511e9b1
     0 | D:1      | 0 ||| qw: Game counter: 17
     0 | D:1      | 0 ||| qw: Always use a shield: true
     0 | D:1      | 0 ||| qw: God list: Okawaru
     0 | D:1      | 0 ||| qw: Allow faded altars: false
     0 | D:1      | 0 ||| qw: Do Orc after D:15 true
     0 | D:1      | 0 ||| qw: Do second Lair branch before Depths: true
     0 | D:1      | 0 ||| qw: Lair rune preference: random
     0 | D:1      | 0 ||| qw: Plans: Normal
     0 | D:1      | 0 ||| PLANNING D:1-11
    22 | D:1      | 22 ||| INVOKING Spit Poison.
    38 | D:1      | 38 ||| INVOKING Spit Poison.
    46 | D:1      | 46 ||| INVOKING Spit Poison.
    51 | D:1      | 51 ||| INVOKING Spit Poison.
    51 | D:1      | HP: 4/19 [hobgoblin (5)]
   209 | D:1      | 209 ||| INVOKING Spit Poison.
   213 | D:1      | Reached skill level 4 in Ranged Weapons
   213 | D:1      | Reached XP level 2. HP: 26/26 MP: 2/2
   215 | D:1      | 215 ||| INVOKING Spit Poison.
   251 | D:1      | 251 ||| INVOKING Spit Poison.
   284 | D:1      | 284 ||| INVOKING Spit Poison.
   289 | D:1      | 289 ||| INVOKING Spit Poison.
   295 | D:1      | 295 ||| INVOKING Spit Poison.
   478 | D:1      | 478 ||| INVOKING Spit Poison.
   641 | D:1      | 641 ||| INVOKING Spit Poison.
   668 | D:1      | 668 ||| INVOKING Spit Poison.
   761 | D:1      | 761 ||| UPGRADING to +0 cloak.
   766 | D:1      | 766 ||| DROPPING scroll of butterflies.
   835 | D:2      | 835 ||| INVOKING Spit Poison.
   840 | D:2      | Reached XP level 3. HP: 32/32 MP: 3/3
   851 | D:2      | 851 ||| INVOKING Spit Poison.
  1058 | D:2      | 1058 ||| INVOKING Spit Poison.
  1108 | D:2      | 1108 ||| INVOKING Spit Poison.
  1112 | D:2      | 1112 ||| INVOKING Spit Poison.
  1133 | D:2      | 1133 ||| INVOKING Spit Poison.
  1172 | D:2      | 1172 ||| UPGRADING to +0 pair of gloves.
  1177 | D:2      | 1177 ||| UPGRADING to ring of protection from cold.
  1178 | D:2      | 1178 ||| READING scroll labelled OVUMOCR HOGO.
  1179 | D:2      | 1179 ||| DRINKING 2 clear potions.
  1180 | D:2      | 1180 ||| DROPPING potion of degeneration.
  1197 | D:3      | 1197 ||| INVOKING Spit Poison.
  1201 | D:3      | 1201 ||| INVOKING Spit Poison.
  1211 | D:3      | 1211 ||| INVOKING Spit Poison.
  1217 | D:3      | 1217 ||| INVOKING Spit Poison.
  1222 | D:3      | 1222 ||| INVOKING Spit Poison.
  1260 | D:3      | 1260 ||| INVOKING Spit Poison.
  1299 | D:3      | 1299 ||| INVOKING Spit Poison.
  1354 | D:3      | 1354 ||| INVOKING Spit Poison.
  1359 | D:3      | 1359 ||| INVOKING Spit Poison.
  1362 | D:3      | Reached skill level 5 in Ranged Weapons
  1362 | D:3      | Reached XP level 4. HP: 14/39 MP: 4/4
  1362 | D:3      | 1362 ||| INVOKING Spit Poison.
  1363 | D:3      | HP: 8/39 [gnoll/+0 spear (6)]
  1365 | D:3      | Slain by a gnoll

Levels and vault maps discovered:
D:1:      lemuel_arrival_broad_hall, layout_loops_ring, minmay_misc_feat_chi
D:2:      layout_rooms
D:3:      layout_basic, serial_rivers, chequers_serial_rivers_micro_a,
          chequers_serial_rivers_room_a, chequers_serial_rivers_micro_c,
          chequers_serial_rivers_large_b, ebering_ecumenical_altar_box,
          minmay_vboxes, uniq_jessica

Skill      XL: |  1  2  3 |
---------------+----------+-----
Ranged Weapons | 4 5 |  5.0
Fighting       | |  2.0
Dodging        | |  1.5
Stealth        | |  1.5

Action                     |  1- 3 |  4- 6 || total
---------------------------+-------+-------++-------
   Fire: Shortbow          |    78 |     3 ||    81
Ability: Spit Poison       |    28 |     1 ||    29
    Use: Scroll            |     1 |       ||     1
         Potion            |     1 |       ||     1
 Armour: Leather armour    |     7 |     1 ||     8
  Dodge: Dodged            |    20 |     1 ||    21

Table legend:
 A = Non-vault XP
 B = Vault XP
 C = Vault XP percentage of total XP
 D = Non-vault monster count
 E = Vault monster count
 F = Vault count percentage of total count
                 A         B        C        D         E       F
            +---------+---------+-------+---------+---------+-------
      Total |      89 |       0 |   0.0 |      38 |       0 |   0.0
            +---------+---------+-------+---------+---------+-------
        D:1 |      30 |       0 |   0.0 |      17 |       0 |   0.0
        D:2 |      13 |       0 |   0.0 |       9 |       0 |   0.0
        D:3 |      46 |       0 |   0.0 |      12 |       0 |   0.0
            +---------+---------+-------+---------+---------+-------
